 Dungeon Crawl Stone Soup version 0.27-a0-1084-g78b3836a5f (webtiles) character file.

Game seed: 7886938549224626427

1465 HoaS the Cruncher (level 8, -3/44 HPs)
             Began as a Gargoyle Gladiator on Apr 27, 2021.
             Slain by an orc warrior
             ... wielding a +0 battleaxe
              (8 damage)
             ... on level 6 of the Dungeon.
             The game lasted 00:07:53 (3364 turns).

HoaS the Cruncher (Gargoyle Gladiator)              Turns: 3364, Time: 00:07:54

Health: -3/44      AC: 23    Str: 20    XL:     8   Next: 77%
Magic:  8/8        EV:  6    Int:  9    God:
Gold:   88         SH:  0    Dex: 11    Spells: 7/7 levels left

rFire    . . .     SeeInvis .   a - +0 quarterstaff
rCold    . . .     Faith    .   (shield currently unavailable)
rNeg     + . .     Spirit   .   d - +0 plate armour
rPois    ∞         Reflect  .   c - +2 helmet
rElec    +         Harm     .   o - +2 cloak {Will+}
rCorr    .         Rampage  .   i - +1 pair of gloves
Will     +....                  (no boots)
Stlth    ..........             p - amulet of regeneration
HPRegen  1.14/turn              (no ring)
MPRegen  0.11/turn              (no ring)

@: no status effects
A: AC +5, negative energy resistance 1, electricity resistance, torment
resistance 1, unbreathing 1, petrification resistance
a: no special abilities


You were on level 6 of the Dungeon.
You visited 1 branch of the dungeon, and saw 8 of its levels.

You collected 88 gold pieces.

Inventory:

Hand Weapons
 a - a +0 quarterstaff (weapon)
Missiles
 h - 69 arrows
 k - 5 poisoned darts (quivered)
 s - 3 boomerangs
Armour
 c - a +2 helmet (worn)
 d - a +0 plate armour (worn)
 i - a +1 pair of gloves (worn)
 o - a +2 cloak of willpower (worn)
Jewellery
 p - an amulet of regeneration (around neck)
Wands
 r - a wand of iceblast (12)
Potions
 b - 2 potions of lignification {unknown}
 e - 2 potions of flight
 g - 3 potions of curing
 l - 2 potions of brilliance {unknown}
 m - 2 potions of berserk rage {unknown}
 n - a potion of ambrosia {unknown}
 q - a potion of resistance {unknown}


   Skills:
 - Level 2.1 Fighting
 + Level 10.9 Staves
 - Level 1.7 Throwing
 - Level 2.4 Dodging


You had 7 spell levels left.
You didn't know any spells.
Your spell library contained the following spells:

 Spells                   Type           Power      Damage    Failure   Level
 Freeze                   Ice            0%         1d3       100%        1
 Frozen Ramparts          Ice            0%         1d2       100%        3
 Ozocubu's Armour         Ice            0%         N/A       100%        3
 Hailstorm                Conj/Ice       0%         3d3       100%        4
 Metabolic Englaciation   Hex/Ice        0%         N/A       100%        5


Dungeon Overview and Level Annotations

Branches:
Dungeon (8/15)             Temple (0/1) D:7            Lair (0/6) D:8

Altars:
Kikubaaqudgha
Wu Jian
Zin

Shops:
D:3 *


Innate Abilities, Weirdness & Mutations

Your stone body is resilient. (AC +5)
You are immune to poison.
You resist negative energy. (rN+)
You are resistant to electric shocks. (rElec)
You are resistant to unholy torment.
You can survive without breathing.
You are immune to petrification.


Message History

You hit the orc.
The orc is moderately wounded.
The orc hits you but does no damage.
You closely miss the orc.
The orc is moderately wounded.
The gnoll barely misses you. The orc hits you but does no damage.
Your plate armour prevents you from hitting the orc.
The orc is moderately wounded.
An orc comes into view. It is wielding a +0 hand axe.
The gnoll hits you with a +0 halberd!
The orc shouts!
You closely miss the orc.
The orc is moderately wounded.
The orc priest mumbles some strange prayers to Beogh against you.
Beogh smites you!
* * * LOW HITPOINT WARNING * * *
The orc hits you with a +0 whip.
* * * LOW HITPOINT WARNING * * *
The electric eel shoots out a bolt of lightning at you!
The bolt of electricity hits you but does no damage.
The gnoll barely misses you.
You thump the orc!
You kill the orc!
The electric eel shoots out a bolt of lightning at you!
The bolt of electricity hits the orc!
The orc dies!
The bolt of electricity misses you.
You closely miss the orc warrior. The gnoll barely misses you.
The electric eel shoots out a bolt of lightning at you!
The bolt of electricity hits you. You resist.
* * * LOW HITPOINT WARNING * * *
The orc warrior hits you but does no damage.
You hit the orc warrior.
The orc warrior is lightly wounded.
The gnoll barely misses you.
The orc priest looks braver for a moment.
You hit the orc warrior but do no damage.
The orc warrior is lightly wounded.
The orc warrior hits you with a +0 battleaxe!
You die...

≈≈≈≈≈≈≈≈≈≈≈≈≈
≈≈≈≈≈≈≈≈≈≈≈
≈≈...≈≈;≈≈.
.........
....... ... .
#)#.#
#@#.##...
#og......
#o#.##...
#o#l# #y# #
#y# #l#


hyg ... You could see an orc warrior, 2 iguanas, a hound, 3 killer bees, an
electric eel, an orc priest, 2 gnolls and an orc.

Vanquished Creatures
  Eustachio (D:4)
  2 basilisks (D:8)
  A wyvern (D:8)
  A yak (D:8)
  An orc warrior (D:8)
  An ogre (D:3)
  A centaur (D:8)
  A phantom (D:5)
  A gnoll sergeant (D:7)
  2 gnoll shamans
  A centaur skeleton (D:4)
  Ijyb (D:4)
  An orc wizard (D:8)
  8 adders
  9 gnolls
  An ufetubus (D:4)
  4 worms
  8 orcs
  2 endoplasms (D:2)
  A giant cockroach (D:1)
  5 goblins
  7 hobgoblins
  12 jackals
  5 kobolds (D:1)
  9 ball pythons
  6 bats
  6 frilled lizards
  4 rats
102 creatures vanquished.

Vanquished Creatures (others)
  An orc (D:6)
1 creature vanquished.

Grand Total: 103 creatures vanquished

Notes
Turn   | Place    | Note
-------+----------+-------------------------------------------
     0 | D:1      | HoaS the Gargoyle Gladiator began the quest for the Orb.
     0 | D:1      | Reached XP level 1. HP: 12/12 MP: 1/1
    47 | D:1      | Reached XP level 2. HP: 16/17 MP: 2/2
   211 | D:1      | Reached skill level 4 in Staves
   454 | D:1      | Reached XP level 3. HP: 21/21 MP: 3/3
   938 | D:2      | Reached XP level 4. HP: 24/26 MP: 4/4
  1065 | D:2      | Reached skill level 5 in Staves
  1515 | D:3      | Found Zin's Purification Station.
  1520 | D:3      | Found a glowing silver altar of Zin.
  1714 | D:3      | Reached XP level 5. HP: 30/30 MP: 5/5
  1886 | D:4      | Noticed Eustachio
  1896 | D:4      | Killed Eustachio
  1897 | D:4      | Reached skill level 6 in Staves
  1897 | D:4      | Reached XP level 6. HP: 35/35 MP: 6/6
  2009 | D:3      | Reached skill level 7 in Staves
  2285 | D:4      | Noticed Ijyb
  2307 | D:4      | Killed Ijyb
  2308 | D:4      | Reached XP level 7. HP: 23/40 MP: 4/7
  2671 | D:4      | Reached skill level 8 in Staves
  2926 | D:4      | Found an ancient bone altar of Kikubaaqudgha.
  2926 | D:4      | Found an ornate altar of the Wu Jian Council.
  3038 | D:5      | Entered Level 5 of the Dungeon
  3092 | D:5      | You fall into a shaft and drop 3 floors!
  3092 | D:8      | Found a staircase to the Lair.
  3092 | D:8      | Noticed a basilisk
  3092 | D:8      | Noticed a yak
  3093 | D:8      | Noticed a wyvern
  3093 | D:8      | Noticed a basilisk
  3135 | D:8      | Killed a wyvern
  3136 | D:8      | Reached skill level 9 in Staves
  3147 | D:8      | Killed a yak
  3148 | D:8      | Reached XP level 8. HP: 25/44 MP: 8/8
  3167 | D:8      | Reached skill level 10 in Staves
  3298 | D:7      | Found a staircase to the Ecumenical Temple.
  3364 | D:6      | Slain by an orc warrior

Illustrated notes

Levels and vault maps discovered:
D:1:      dpeg_arrival_tiny_h, layout_basic, serial_curves, eino_curves_03,
          eino_curves_03
D:2:      layout_basic, minmay_splitting_lines
D:3:      layout_rooms, zin_purify, hex_medium
D:4:      layout_loops_ring, amethyst_overflow_temple_binary,
          grunt_ministairs_3, uniq_ijyb, uniq_eustachio
D:5:      layout_basic, gup_sewer_entry_spiral
D:6:      minmay_goblin_kobold_castle, layout_basic,
          beargit_hepliaklqana_dungeon_heroes
D:7:      layout_cave_pools, nicolae_uskayaw_suspiria,
          minmay_temple_entry_butterflies, minivault_14, uniq_prince_ribbit1
D:8:      layout_gridville, kennysheep_mini_moat, lemuel_round_altar,
          gammafunk_temple_overflow_wave, david_lair_generic,
          chequers_serial_rivers_micro_e, minmay_fractal_squares_diagonal_5

Skill      XL: |  1  2  3  4  5  6  7  8 |
---------------+-------------------------+-----
Staves         | 4 5 6 7 9 10 | 10.9
Fighting       | |  2.1
Throwing       | |  1.7
Dodging        | |  2.4

Action                   |  1- 3 |  4- 6 |  7- 9 || total
-------------------------+-------+-------+-------++-------
Melee: Quarterstaff      |   114 |   120 |   176 ||   410
Throw: Dart              |       |     5 |       ||     5
       Throwing net      |       |     3 |     2 ||     5
  Use: Scroll            |     2 |     5 |     3 ||    10
Armor: Leather armour    |    21 |       |       ||    21
       Scale mail        |    32 |    58 |    38 ||   128
       Plate armour      |       |       |    91 ||    91
Dodge: Dodged            |    65 |    57 |    80 ||   202

Table legend: (Time is in decaauts)
 A = Elapsed time spent in this place.
 B = Non-inter-level travel time spent in this place.
 C = Inter-level travel time spent in this place.
 D = Time resting spent in this place.
 E = Time spent auto-exploring this place.
 F = Levels seen in this place.
 G = Mean time per level.
                   A        B        C        D        E       F      G
               +--------+--------+--------+--------+--------+-----+--------+
         Total |   3346 |   3257 |     89 |    335 |   2091 |   8 |  418.2 |
       Dungeon |   3346 |   3257 |     89 |    335 |   2091 |   8 |  418.2 |
               +--------+--------+--------+--------+--------+-----+--------+

Top non-repeatable levels by time:
     D:4: 1019 daAuts
     D:1: 736 daAuts
     D:2: 675 daAuts
     D:3: 619 daAuts
     D:8: 189 daAuts
     D:5: 53 daAuts
     D:6: 37 daAuts
     D:7: 16 daAuts
